 Dungeon Crawl Stone Soup version 0.30-a0-364-gf6b3ef1049 (webtiles) character file.

Game seed: 2736864969800604155

29 Manisia the Scratcher (level 3, 15/15 HPs)
             Began as a Felid Transmuter on Nov 15, 2022.
             Quit the game on level 2 of the Dungeon.
             The game lasted 00:03:49 (1062 turns).

Manisia the Scratcher (Felid Transmuter)            Turns: 1062, Time: 00:03:50

Health: 15/15      AC:  1    Str:  6    XL:     3   Next: 1%
Magic:  7/7        EV: 17    Int: 16    God:
Gold:   51         SH:  0    Dex: 16    Spells: 0/6 levels left
                                        Lives:  0   Deaths: 1

rFire   . . .      SeeInvis +      - Unarmed
rCold   . . .      Faith    .    (shield unavailable)
rNeg    . . .      Spirit   +    (body armour unavailable)
rPois   .          Reflect  .    (helmet unavailable)
rElec   .          Harm     .    (cloak unavailable)
rCorr   .          Rampage  .    (gloves unavailable)
Will    .....                    (boots unavailable)
Stlth   ++........               j - amulet of guardian spirit
HPRegen 0.22/turn                (no ring)
MPRegen 0.10/turn                (no ring)

@: quick
A: very small, claws 1, fangs 3, see invisible, speed 1, shaggy fur 1, stealthy
paws, no weapons or thrown items, no armour, multi-lived
a: no special abilities


You were on level 2 of the Dungeon.
You visited 1 branch of the dungeon, and saw 2 of its levels.

You collected 51 gold pieces.

Inventory:

Missiles
 b - 14 stones
Jewellery
 j - an amulet of guardian spirit (around neck)
Scrolls
 e - a scroll of vulnerability {unknown}
 g - 2 scrolls of identify {unknown}
 i - a scroll of fog {unknown}
Potions
 a - a potion of lignification
 h - a potion of haste {unknown}


   Skills:
 + Level 1.1 Fighting
 + Level 3.0 Dodging
 + Level 0.8 Stealth
 + Level 4.0 Unarmed Combat
 + Level 2.4 Spellcasting
 + Level 2.6 Transmutations
 * Level 0.3 Poison Magic


You couldn't memorise any spells.
You knew the following spells:

 Your Spells              Type           Power      Damage    Failure   Level
a - Beastly Appendage     Tmut           20%        N/A       7%          1
b - Wereblood             Tmut           10%        N/A       10%         2
c - Spider Form           Tmut/Pois      6%         N/A       32%         3

Your spell library contained the following spells:

 Spells                   Type           Power      Damage    Failure   Level
 Sting                    Tmut/Pois      24%        1d4       11%         1
 Poisonous Vapours        Pois/Air       4%         N/A       28%         2
 Ice Form                 Ice/Tmut       6%         N/A       75%         4
 Olgreb's Toxic Radiance  Pois           3%         N/A       86%         4


Dungeon Overview and Level Annotations

Branches:
Dungeon (2/15)

Altars:

Annotations:
D:2 1 runed translucent door, Crazy Yiuf


Innate Abilities, Weirdness & Mutations

You have sharp claws.
You have razor-sharp teeth.
You have supernaturally acute eyesight. (SInv)
You cover ground quickly. (Speed+)
You are covered in fur. (AC +1)
Your paws help you pounce on unaware monsters.
You are incapable of wielding weapons or throwing items.
You cannot wear armour.
You gain extra lives every three experience levels.


Message History

Your magical contamination has completely faded away.
You scratch the endoplasm.
The endoplasm is severely wounded.
The endoplasm hits you. The adder bites you.
You are poisoned.
The adder poisons you! The endoplasm misses you.
You scratch the endoplasm.
The endoplasm is almost dead.
You feel sick. The adder bites you.
You are lethally poisoned!
The adder poisons you! The endoplasm freezes you.
You are frozen.
The endoplasm freezes you.
You are frozen.
* * * LOW HITPOINT WARNING * * *
The adder closely misses you.
You scratch the endoplasm.
You feel a bit better.
You kill the endoplasm!
* * * LOW HITPOINT WARNING * * *
You feel sick. The endoplasm closely misses you. The adder misses you.
It was a potion of flight.
You feel very buoyant.
You fly up into the air.
Your horns disappear.
* * * LOW HITPOINT WARNING * * *
You feel sick. The endoplasm completely misses you.
The adder bites you but does no damage.
It was a potion of degeneration.
There was something very wrong with that liquid.
You feel weakened.
You feel dopey.
You feel clumsy.
* * * LOW HITPOINT WARNING * * *
You feel sick. The adder bites you.
You die...
The endoplasm freezes you.
You are frozen.
You are now level 3!
You rejoin the land of the living...
Unknown command.
Are you sure you want to abandon this character and quit the game? (Confirm with "yes".)

####################
#..................#
#.##################
#.#@..............'#
#.#.##########..####
#.#.#...........##..
#.#.#.##..###...#...
#.#.................
#.#.................
#.#................#
#.#.#'#............#
#.#.#>#............#


There were no monsters in sight!

Vanquished Creatures
  Jessica (D:2)
  A gnoll (D:1)
  A dart slug (D:1)
  2 endoplasms
  3 giant cockroaches (D:1)
  A goblin (D:1)
  4 hobgoblins
  3 jackals (D:1)
  2 quokkas (D:1)
  3 ball pythons (D:1)
  3 bats (D:1)
  A frilled lizard (D:2)
  3 kobolds
  3 rats
31 creatures vanquished.

Notes
Turn   | Place    | Note
-------+----------+-------------------------------------------
     0 | D:1      | Manisia the Felid Transmuter began the quest for the Orb.
     0 | D:1      | Reached XP level 1. HP: 9/9 MP: 4/4
    93 | D:1      | Reached XP level 2. HP: 12/12 MP: 4/6
   136 | D:1      | Learned a level 2 spell: Wereblood
   151 | D:1      | Reached XP level 3. HP: 12/15 MP: 4/7
   409 | D:1      | Learned a level 3 spell: Spider Form
   575 | D:1      | You fall into a shaft and drop 1 floor!
   618 | D:2      | Noticed Jessica
   732 | D:2      | Found a runed translucent door.
   733 | D:2      | Noticed Crazy Yiuf
   922 | D:2      | Killed Jessica
   923 | D:2      | Reached skill level 4 in Unarmed Combat
  1022 | D:2      | Reached XP level 4. HP: 19/19 MP: 6/8
  1061 | D:2      | Slain by an adder
  1062 | D:2      | Reached XP level 3. HP: -2/15 MP: 0/7
  1062 | D:2      | Quit the game

Illustrated notes

Levels and vault maps discovered:
D:1:      ebering_hopf_link, layout_basic
D:2:      layout_basic, uniq_crazy_yiuf_cottage, uniq_jessica

Skill      XL: |  1  2  3 |
---------------+----------+-----
Dodging        | 3 |  3.0
Unarmed Combat | 4 |  4.0
Fighting       | |  1.1
Stealth        | |  0.8
Spellcasting   | |  2.4
Transmutations | |  2.6
Poison Magic   | |  0.3

Action                   |  1- 3 |  4- 6 || total
-------------------------+-------+-------++-------
Melee: Unarmed           |    76 |    11 ||    87
       Headbutt          |    14 |     1 ||    15
       Bite              |    13 |       ||    13
       Punch             |     2 |       ||     2
 Cast: Beastly Appendage |    12 |     1 ||    13
       Wereblood         |     1 |     1 ||     2
       Spider Form       |     1 |       ||     1
  Use: Potion            |       |     5 ||     5
 Stab: Sleeping          |     3 |       ||     3
Armor: Skin              |     4 |     2 ||     6
Dodge: Dodged            |    49 |    23 ||    72

Table legend: (Time is in decaauts)
 A = Elapsed time spent in this place.
 B = Non-inter-level travel time spent in this place.
 C = Inter-level travel time spent in this place.
 D = Time resting spent in this place.
 E = Time spent auto-exploring this place.
 F = Levels seen in this place.
 G = Mean time per level.
                   A        B        C        D        E       F      G
               +--------+--------+--------+--------+--------+-----+--------+
         Total |    909 |    909 |      0 |     36 |    563 |   2 |  454.5 |
       Dungeon |    909 |    909 |      0 |     36 |    563 |   2 |  454.5 |
               +--------+--------+--------+--------+--------+-----+--------+

Top non-repeatable levels by time:
     D:1: 498 daAuts
     D:2: 411 daAuts
